[Event "Reykjavik Open 2025"]
[Site "Reykjavik"]
[Date "2025.04.13"]
[Round "7.1"]
[White "Ivanchuk, Vasyl"]
[Black "Maghsoodloo, Parham"]
[Result "1/2-1/2"]
[Annotator "TA"]
[ECO "B56"]
[WhiteElo "2604"]
[BlackElo "2684"]
[PlyCount "122"]
[EventDate "2025.04.09"]
[EventType "swiss"]
[EventCountry "ISL"]
[SourceTitle "playchess.com"]
[Source "ChessBase"]
[SourceQuality "1"]
[TimeControl "40/5400+30:1800+30"]

1. e4 c5 2. Nf3 d6 3. d4 cxd4 4. Nxd4 Nf6 5. f3 e5 6. Nb3 a5 7. Bb5+ Nc6 8. Nc3 Be7 9. Be3 O-O {[%emt 0:00:10][%cal Od6d5] B56: Classical Sicilian: Unusual Lines.} 10. O-O Na7 11. Bd3 Be6 {[%emt 0:06:16] White has an edge.} 12. Qe2 Nc8 13. Nd2 $146 (13. Rfd1 a4 14. Nd2 a3 15. b3 Qa5 16. Nb5 d5 17. Bf2 d4 18. Bg3 Nd7 19. f4 exf4 20. Bxf4 {1-0 Hutois,M (2279)-Abergel,T (2475) Sautron op 19th 2019 (3.3)}) 13... Nb6 14. Nc4 Nxc4 15. Bxc4 a4 16. Rfd1 Qc8 17. Nd5 Nxd5 18. Bxd5 Bxd5 19. Rxd5 a3 20. Rb1 (20. b3 $16) 20... axb2 $14 21. Rxb2 f5 22. exf5 Rxf5 23. Rdb5 Bf8 (23... Rf8 $14) 24. Rxb7 $16 {[%emt 0:05:06] White plays on the queen side and is better} Qe6 25. c4 e4 26. f4 Rc8 27. R7b5 g6 28. Rc2 Ra8 29. h3 h5 30. g4 ({White should play} 30. Rd2) 30... hxg4 31. Qxg4 (31. hxg4 $16 Rf7 32. Rg5) 31... Ra3 (31... Rf6 $14) 32. Rg2 Kf7 {[%emt 0:00:01] [#]} 33. Rb7+ $1 Ke8 34. Re2 {[%emt 0:00:54] White is more active.} (34. Qxg6+ $2 Qxg6 35. Rxg6 Rxe3 $19) (34. Rb3 $142 Rxb3 35. axb3) 34... Rc3 (34... Be7 $16) 35. Rb8+ Kf7 36. Qh4 {[%emt 0:00:17] Inhibits Qf6.} Rh5 {[%emt 0:00:30] [#]} 37. Qd8 (37. Rb7+ $142 $1 Ke8 (37... Be7 $2 38. f5 $18) 38. Rb8+ Kf7 39. f5) 37... Qe7 {[%emt 0:00:31] ...Qxd8 is the strong threat.} 38. Qc8 {[%emt 0:00:26] Really sharp!} Kg8 $1 39. Kg2 Qf7 40. c5 Rf5 41. Qe8 Qxe8 42. Rxe8 d5 43. Rc8 (43. Bd4 Rc4 44. Rd2 Kf7 $17) 43... Kh7 44. c6 g5 45. fxg5 {[%emt 0:01:02] Rf2 is the strong threat.} Bc5 (45... d4 $16 {keeps fighting.} 46. g6+ (46. Bxd4 Rxg5+ 47. Kf1 Rf5+ 48. Ke1 Rc1+ 49. Kd2 Bh6+ 50. Be3 Rc4 $16) 46... Kxg6 47. Bxd4 Rg5+ 48. Kf1 Rf5+ 49. Ke1 Rc1+ 50. Kd2 Bh6+ 51. Be3 Rfc5 52. Bxh6 Kxh6 53. Rxe4 Rxc6) 46. Bxc5 $2 (46. Rb2 $18 {Rb7+ would kill now.} Rf8 (46... Rxe3 $2 {is the wrong capture.} 47. Rb7+ $18) 47. Rb7+ Kg6 48. Rxf8 Bxf8 49. c7) 46... Rxg5+ $11 {[%emt 0:00:05] The position is equal.} 47. Kh2 Rxc5 48. Rg2 Rxg2+ 49. Kxg2 {[%emt 0:00:00][%mdl 4096] Endgame KR-KR. White is a pawn up.} d4 50. c7 Rc2+ 51. Kg3 e3 52. Rd8 $1 Rxc7 {[%emt 0:02:11] ( -> ...Re7)} 53. Rxd4 Rc2 54. Ra4 Kg6 55. Ra5 Rf2 56. h4 Rf1 57. Re5 Ra1 58. Re6+ Kg7 59. Re7+ Kh6 60. Re6+ Kg7 61. Rxe3 Rxa2 {[%emt 0:00:04] Weighted Error Value: White=0.20 (precise) /Black=0.18 (very precise)   Missed win:     	White=1     	---        Mistake:       	White=5     	Black=5      Inaccurate:     	White=3     	Black=4      OK:         	White=16    	Black=23     Best:        	White=4     	Black=6      Strong:       	White=2     	Black=1} 1/2-1/2

[Event "Reykjavik Open 2025"]
[Site "Reykjavik"]
[Date "2025.04.13"]
[Round "7.2"]
[White "Lu, Shanglei"]
[Black "Gupta, Abhijeet"]
[Result "1/2-1/2"]
[Annotator "ChessBase"]
[ECO "B55"]
[WhiteElo "2618"]
[BlackElo "2576"]
[PlyCount "34"]
[EventDate "2025.04.09"]
[EventType "swiss"]
[EventCountry "ISL"]
[SourceTitle "playchess.com"]
[Source "ChessBase"]
[SourceQuality "1"]
[TimeControl "40/5400+30:1800+30"]

1. e4 c5 2. Nf3 d6 3. d4 cxd4 4. Nxd4 Nf6 5. f3 e5 6. Nb3 d5 7. Bg5 Be6 8. Bxf6 gxf6 9. exd5 Qxd5 10. Qxd5 Bxd5 11. Nc3 Be6 12. O-O-O Nd7 13. Nb5 Ke7 14. Nc7 Bh6+ 15. Kb1 Rad8 16. Nd5+ Bxd5 17. Rxd5 Nc5 1/2-1/2

[Event "Reykjavik Open 2025"]
[Site "Reykjavik"]
[Date "2025.04.13"]
[Round "7.3"]
[White "Safarli, Eltaj"]
[Black "Hjartarson, Johann"]
[Result "1-0"]
[Annotator "ChessBase"]
[ECO "C54"]
[WhiteElo "2617"]
[BlackElo "2461"]
[PlyCount "151"]
[EventDate "2025.04.09"]
[EventType "swiss"]
[EventCountry "ISL"]
[SourceTitle "playchess.com"]
[Source "ChessBase"]
[SourceQuality "1"]
[TimeControl "40/5400+30:1800+30"]

1. e4 e5 2. Nf3 Nc6 3. Bc4 Bc5 4. c3 Nf6 5. d4 exd4 6. cxd4 Bb4+ 7. Nbd2 Nxe4 8. d5 Ne7 9. O-O Nxd2 10. Nxd2 O-O 11. a3 Bxd2 12. Bxd2 d6 13. Re1 Ng6 14. Rc1 Bd7 15. Bf1 a5 16. Qb3 c5 17. Qg3 Bf5 18. h4 Ne5 19. h5 f6 20. h6 g6 21. a4 b6 22. Bc3 Ra7 23. f4 Ng4 24. Qh4 Re7 25. Rxe7 Qxe7 26. Re1 Qf7 27. Be2 Ne3 28. Bb5 Nc2 29. Re2 Nd4 30. Bxd4 cxd4 31. Qe1 d3 32. Bxd3 Qxd5 33. Bxf5 Qxf5 34. Re8 Qc5+ 35. Kh2 Qh5+ 36. Kg3 Qxh6 37. Qe6+ Kh8 38. Qxf6+ Kg8 39. Qe6+ Kh8 40. Qf7 Rxe8 41. Qxe8+ Kg7 42. Qe7+ Kg8 43. Qe6+ Kg7 44. Qd7+ Kg8 45. Qxd6 Qh1 46. Qe6+ Kg7 47. Qxb6 Qe1+ 48. Qf2 Qb4 49. Qc2 Qe1+ 50. Kf3 Kh6 51. Qe2 Qb4 52. Qb5 Qd2 53. Qg5+ Kg7 54. Qe5+ Kh6 55. Kg3 Qb4 56. Kh4 Qd2 57. Qf6 Qe1+ 58. Kh3 Qh1+ 59. Kg3 Qe1+ 60. Kh2 Qb4 61. Kh3 Qc5 62. Kg3 Qe3+ 63. Kh2 Qc5 64. Qc3 Qf2 65. Qg3 Qc5 66. Qh3+ Kg7 67. Qc3+ Qxc3 68. bxc3 Kf6 69. Kg3 Ke6 70. Kf3 Kd5 71. g4 h6 72. Ke3 Kc4 73. Ke4 h5 74. gxh5 gxh5 75. f5 Kc5 76. f6 1-0

[Event "Reykjavik Open 2025"]
[Site "Reykjavik"]
[Date "2025.04.13"]
[Round "7.4"]
[White "Amar, Elham"]
[Black "Banusz, Tamas"]
[Result "1/2-1/2"]
[Annotator "ChessBase"]
[ECO "B30"]
[WhiteElo "2546"]
[BlackElo "2592"]
[PlyCount "23"]
[EventDate "2025.04.09"]
[EventType "swiss"]
[EventCountry "ISL"]
[SourceTitle "playchess.com"]
[Source "ChessBase"]
[SourceQuality "1"]
[TimeControl "40/5400+30:1800+30"]

1. e4 c5 2. Nf3 Nc6 3. Bb5 e6 4. Bxc6 bxc6 5. d3 Qc7 6. O-O Ne7 7. h4 d6 8. h5 h6 9. Nh2 g5 10. hxg6 Nxg6 11. f4 Rg8 12. Qh5 1/2-1/2

[Event "Reykjavik Open 2025"]
[Site "Reykjavik"]
[Date "2025.04.13"]
[Round "7.5"]
[White "Muradli, Mahammad"]
[Black "Kirk, Ezra"]
[Result "1-0"]
[Annotator "ChessBase"]
[ECO "E94"]
[WhiteElo "2588"]
[BlackElo "2394"]
[PlyCount "75"]
[EventDate "2025.04.09"]
[EventType "swiss"]
[EventCountry "ISL"]
[SourceTitle "playchess.com"]
[Source "ChessBase"]
[SourceQuality "1"]
[TimeControl "40/5400+30:1800+30"]

1. d4 Nf6 2. c4 g6 3. Nc3 Bg7 4. e4 d6 5. Be2 O-O 6. Nf3 Nbd7 7. O-O e5 8. Be3 Qe7 9. Qc2 c6 10. d5 c5 11. Rae1 Nh5 12. g3 Ndf6 13. Kg2 Ng4 14. Bd2 f5 15. exf5 Bxf5 16. Bd3 Bh6 17. Bxf5 gxf5 18. h3 Bxd2 19. Qxd2 Ngf6 20. Qg5+ Ng7 21. Qh6 Kh8 22. Ng5 a6 23. f4 e4 24. Nd1 Qe8 25. g4 Qg6 26. Qh4 b5 27. b3 bxc4 28. bxc4 Rab8 29. Ne3 Rb2+ 30. Kh1 Rfb8 31. Rg1 Rxa2 32. Rb1 Rbb2 33. Rxb2 Rxb2 34. gxf5 Qh5 35. Qxh5 Nfxh5 36. f6 Nxf6 37. Nf5 Rb1 38. Nf7+ 1-0

[Event "Reykjavik Open 2025"]
[Site "Reykjavik"]
[Date "2025.04.13"]
[Round "7.6"]
[White "Royal, Shreyas"]
[Black "Gorshtein, Ido"]
[Result "1-0"]
[Annotator "ChessBase"]
[ECO "E51"]
[WhiteElo "2465"]
[BlackElo "2557"]
[PlyCount "65"]
[EventDate "2025.04.09"]
[EventType "swiss"]
[EventCountry "ISL"]
[SourceTitle "playchess.com"]
[Source "ChessBase"]
[SourceQuality "1"]
[TimeControl "40/5400+30:1800+30"]

1. d4 Nf6 2. c4 e6 3. Nc3 Bb4 4. e3 O-O 5. Bd2 d5 6. Nf3 Nbd7 7. Rc1 Be7 8. Qc2 dxc4 9. Bxc4 c5 10. a3 a6 11. dxc5 Bxc5 12. Ne4 Be7 13. O-O b5 14. Bd3 Bb7 15. Bc3 Nd5 16. Bd4 f5 17. Nc5 Bxc5 18. Bxc5 Rc8 19. b4 Nxc5 20. bxc5 Qf6 21. Rfd1 Rc7 22. Nd4 Ne7 23. a4 e5 24. Nb3 b4 25. f3 Kh8 26. e4 Bc8 27. Bc4 Ng6 28. Rd6 Qe7 29. Rcd1 fxe4 30. Qxe4 Bf5 31. Qe3 e4 32. fxe4 Bxe4 33. Re6 1-0

[Event "Reykjavik Open 2025"]
[Site "Reykjavik"]
[Date "2025.04.13"]
[Round "7.7"]
[White "Garifullina, Leya"]
[Black "Adhiban, B.."]
[Result "1-0"]
[Annotator "ChessBase"]
[ECO "B80"]
[WhiteElo "2459"]
[BlackElo "2554"]
[PlyCount "109"]
[EventDate "2025.04.09"]
[EventType "swiss"]
[EventCountry "ISL"]
[SourceTitle "playchess.com"]
[Source "ChessBase"]
[SourceQuality "1"]
[TimeControl "40/5400+30:1800+30"]

1. e4 c5 2. Nf3 d6 3. d4 cxd4 4. Nxd4 Nf6 5. Nc3 a6 6. Be3 e6 7. a3 b5 8. g4 Bb7 9. Bg2 Nfd7 10. g5 Nc6 11. Nxc6 Bxc6 12. h4 Be7 13. Ne2 O-O 14. Nd4 Bb7 15. Qg4 Ne5 16. Qe2 Nc4 17. O-O-O Rc8 18. Kb1 Qa5 19. Bc1 b4 20. Qe1 d5 21. exd5 Qb6 22. a4 Bc5 23. Nb3 Bxf2 24. Qe2 Bxd5 25. Bxd5 exd5 26. a5 Qa7 27. Rxd5 Rfe8 28. Qd3 Ne5 29. Qd2 Nc4 30. Qxb4 Qc7 31. Ka2 Ne5 32. Qf4 Ba7 33. Re1 Bb8 34. Rc5 Qd7 35. Rcxe5 Rxe5 36. Rxe5 Bxe5 37. Qxe5 Rxc2 38. Qe4 Qc8 39. Bd2 Rc4 40. Qe5 Qd7 41. Bc3 f6 42. gxf6 Ra4+ 43. Kb1 Rxh4 44. Nc1 Rc4 45. fxg7 Rc8 46. Qf6 Qc6 47. Qd4 h5 48. Nd3 Qg6 49. Ka1 h4 50. Nf4 Qg4 51. Ka2 Qf5 52. Nd5 Kf7 53. Qa7+ Ke6 54. Nf6 Qb5 55. Qb6+ 1-0

[Event "Reykjavik Open 2025"]
[Site "Reykjavik"]
[Date "2025.04.13"]
[Round "7.8"]
[White "Prraneeth Vuppala"]
[Black "Stefansson, Vignir Vatnar"]
[Result "1-0"]
[Annotator "ChessBase"]
[ECO "B07"]
[WhiteElo "2433"]
[BlackElo "2536"]
[PlyCount "87"]
[EventDate "2025.04.09"]
[EventType "swiss"]
[EventCountry "ISL"]
[SourceTitle "playchess.com"]
[Source "ChessBase"]
[SourceQuality "1"]
[TimeControl "40/5400+30:1800+30"]

1. e4 d6 2. d4 Nf6 3. Nc3 e5 4. dxe5 dxe5 5. Qxd8+ Kxd8 6. Bc4 Ke8 7. f4 Bb4 8. Bd3 Nbd7 9. Nf3 exf4 10. Bxf4 c6 11. O-O Nc5 12. Be5 Be6 13. a3 Nxd3 14. cxd3 Be7 15. h3 Nd7 16. Bg3 Nb6 17. d4 Rd8 18. Rfe1 f6 19. a4 Nc4 20. d5 Bf7 21. b3 Na5 22. e5 fxe5 23. Bxe5 cxd5 24. Bc7 Nxb3 25. Bxd8 Kxd8 26. Rab1 d4 27. Nb5 Bc5 28. Ng5 Bc4 29. Ne6+ Bxe6 30. Rxe6 Na5 31. Re5 b6 32. Rd5+ Ke7 33. Re1+ Kf6 34. Nxd4 Rf8 35. Kh2 Nc4 36. Rd7 Ne5 37. Rxa7 Re8 38. Rf1+ Kg6 39. Nf5 Bf8 40. Nh4+ Kh6 41. Nf5+ Kg6 42. a5 bxa5 43. Ra6+ Kg5 44. Nd4 1-0

[Event "Reykjavik Open 2025"]
[Site "Reykjavik"]
[Date "2025.04.13"]
[Round "7.9"]
[White "Lu, Miaoyi"]
[Black "Kadric, Denis"]
[Result "0-1"]
[Annotator "ChessBase"]
[ECO "E68"]
[WhiteElo "2429"]
[BlackElo "2533"]
[PlyCount "120"]
[EventDate "2025.04.09"]
[EventType "swiss"]
[EventCountry "ISL"]
[SourceTitle "playchess.com"]
[Source "ChessBase"]
[SourceQuality "1"]
[TimeControl "40/5400+30:1800+30"]

1. d4 d6 2. Nf3 Nf6 3. c4 g6 4. g3 Bg7 5. Bg2 O-O 6. O-O Nbd7 7. Nc3 e5 8. e4 Re8 9. Re1 b6 10. b3 exd4 11. Nxd4 Bb7 12. Bb2 c6 13. Qc2 Qc7 14. Rad1 a6 15. Qb1 Re7 16. Bc1 h6 17. Bf4 Ne5 18. h3 Kh7 19. Rd2 Ne8 20. a4 a5 21. Be3 Nd7 22. g4 Nc5 23. Nde2 Rd8 24. Red1 Bc8 25. Bf4 Rdd7 26. Bg3 Bb7 27. h4 Kg8 28. f4 Bc8 29. g5 hxg5 30. hxg5 Rd8 31. Bf3 Bh3 32. Qc2 Qc8 33. Kf2 Bg4 34. Rh1 Nc7 35. Rh4 Bxf3 36. Kxf3 N7e6 37. Bf2 Qc7 38. Be3 f6 39. gxf6 Bxf6 40. Rh6 Rg7 41. Ng3 Nf8 42. Rdh2 Qe7 43. Nce2 Kf7 44. Nd4 Qd7 45. Qf2 Re8 46. Qf1 Ke7 47. e5 dxe5 48. fxe5 Bxe5 49. Bg5+ Kd6 50. Ndf5+ Kc7 51. Nxg7 Bxg7 52. R6h4 Nfe6 53. Bf4+ Kb7 54. Rd2 Qe7 55. Rg4 Nxf4 56. Rxf4 Qe3+ 57. Kg4 Qxd2 58. Rf7+ Nd7 59. Qf4 Qxf4+ 60. Kxf4 Be5+ 0-1

[Event "Reykjavik Open 2025"]
[Site "Reykjavik"]
[Date "2025.04.13"]
[Round "7.10"]
[White "Akesson, Ralf"]
[Black "Cornette, Matthieu"]
[Result "0-1"]
[Annotator "ChessBase"]
[ECO "D37"]
[WhiteElo "2361"]
[BlackElo "2528"]
[PlyCount "74"]
[EventDate "2025.04.09"]
[EventType "swiss"]
[EventCountry "ISL"]
[SourceTitle "playchess.com"]
[Source "ChessBase"]
[SourceQuality "1"]
[TimeControl "40/5400+30:1800+30"]

1. d4 Nf6 2. c4 e6 3. Nf3 a6 4. Nc3 d5 5. cxd5 exd5 6. Bg5 Be6 7. e3 Nbd7 8. Ne5 Nxe5 9. dxe5 h6 10. Bh4 g5 11. Bg3 Ne4 12. Nxe4 dxe4 13. Qa4+ c6 14. Be2 Qb6 15. O-O-O Qb4 16. Qxb4 Bxb4 17. h4 Ke7 18. Rd4 Bc5 19. Rxe4 b5 20. Bd3 Rad8 21. Bc2 Bd5 22. Kb1 Bb6 23. Rc1 c5 24. Rg4 Be6 25. Re4 Rd2 26. Rh1 Rhd8 27. hxg5 hxg5 28. Kc1 Ba5 29. a3 Rxc2+ 30. Kxc2 Bf5 31. f3 Bxe4+ 32. fxe4 Rd2+ 33. Kb1 Rxg2 34. Rh3 Rg1+ 35. Ka2 g4 36. Bh4+ Ke6 37. Rh2 g3 0-1

[Event "Reykjavik Open 2025"]
[Site "Reykjavik"]
[Date "2025.04.13"]
[Round "7.11"]
[White "Bekker, Stefan"]
[Black "Kunin, Vitaly"]
[Result "1-0"]
[Annotator "ChessBase"]
[ECO "B51"]
[WhiteElo "2358"]
[BlackElo "2522"]
[PlyCount "155"]
[EventDate "2025.04.09"]
[EventType "swiss"]
[EventCountry "ISL"]
[SourceTitle "playchess.com"]
[Source "ChessBase"]
[SourceQuality "1"]
[TimeControl "40/5400+30:1800+30"]

1. e4 c5 2. Nf3 Nc6 3. Bb5 d6 4. O-O Bd7 5. c3 Nf6 6. Re1 a6 7. Bf1 Bg4 8. h3 Bxf3 9. Qxf3 g6 10. d3 Bg7 11. Nd2 O-O 12. Qd1 b5 13. Nf3 e5 14. Be3 Re8 15. Qc2 Rc8 16. a3 h6 17. Rad1 Nd4 18. Nxd4 cxd4 19. Bd2 Nd7 20. Qb1 dxc3 21. Bxc3 Nc5 22. g3 h5 23. h4 Rc6 24. Bd2 Nb3 25. Be3 a5 26. d4 exd4 27. Bxb5 dxe3 28. Rxe3 Nd4 29. Rxd4 Rc5 30. Rxd6 Qxd6 31. Bxe8 Qd8 32. b4 axb4 33. axb4 Rc7 34. Ba4 Qd2 35. Qb3 Bd4 36. Rf3 Qe1+ 37. Kg2 Qxe4 38. Bb5 Bc3 39. Be8 Bf6 40. b5 Re7 41. Bc6 Qd4 42. b6 Be5 43. b7 Bb8 44. Be8 Qg7 45. Bc6 Kh7 46. Bd5 f5 47. Qc3 Rd7 48. Qc4 Qe5 49. Rd3 Kg7 50. Qd4 Qxd4 51. Rxd4 Kf6 52. f4 Ke7 53. Rd3 Kd8 54. Kf3 Rd6 55. Ke2 Kc7 56. Rc3+ Kb6 57. Bf3 Re6+ 58. Kf1 Rd6 59. Rc8 Ka7 60. Rc6 Rxc6 61. Bxc6 Kb6 62. Bd5 Kc7 63. Kg2 Ba7 64. Kf3 Bg1 65. Bf7 Kxb7 66. Bxg6 Kc6 67. Bxf5 Bd4 68. Bg6 Bc3 69. Bxh5 Be1 70. Bf7 Kd6 71. h5 Ke7 72. Bb3 Kf6 73. g4 Bh4 74. Bc2 Kf7 75. h6 Be1 76. g5 Bc3 77. Kg4 Kg8 78. g6 1-0

[Event "Reykjavik Open 2025"]
[Site "Reykjavik"]
[Date "2025.04.13"]
[Round "7.12"]
[White "Sivuk, Vitaly"]
[Black "Yankelevich, Lev"]
[Result "1-0"]
[Annotator "ChessBase"]
[ECO "A13"]
[WhiteElo "2505"]
[BlackElo "2413"]
[PlyCount "93"]
[EventDate "2025.04.09"]
[EventType "swiss"]
[EventCountry "ISL"]
[SourceTitle "playchess.com"]
[Source "ChessBase"]
[SourceQuality "1"]
[TimeControl "40/5400+30:1800+30"]

1. Nf3 Nf6 2. c4 e6 3. g3 d5 4. Bg2 d4 5. O-O Nc6 6. d3 Bc5 7. Na3 O-O 8. Nc2 a5 9. Re1 e5 10. e3 h6 11. exd4 exd4 12. Bf4 Be6 13. b3 Rb8 14. Qd2 Nd7 15. a3 g5 16. Nxg5 hxg5 17. Bxg5 Be7 18. Bh6 Nc5 19. Bxf8 Bxf8 20. Rab1 Bf5 21. Bf1 Qf6 22. b4 axb4 23. axb4 Ne6 24. f4 Bh6 25. Bg2 Ne7 26. Be4 Bxe4 27. Rxe4 Nf5 28. Kh1 Bg7 29. Rf1 c5 30. b5 Ra8 31. Ree1 Qh6 32. Qg2 Ra2 33. Re2 Rb2 34. Rfe1 Rb3 35. Qf3 Qh3 36. Ra1 Ne3 37. Qxb7 Rxd3 38. Qa8+ Bf8 39. b6 Nxc2 40. Rxc2 Rxg3 41. b7 d3 42. Rd2 Nc7 43. Qa2 Na6 44. Qxa6 Qh5 45. Qc6 Qh8 46. Rb1 Rg6 47. Rg2 1-0

[Event "Reykjavik Open 2025"]
[Site "Reykjavik"]
[Date "2025.04.13"]
[Round "7.13"]
[White "Li, Guohao"]
[Black "Papp, Gabor"]
[Result "1/2-1/2"]
[Annotator "ChessBase"]
[ECO "E13"]
[WhiteElo "2356"]
[BlackElo "2502"]
[PlyCount "160"]
[EventDate "2025.04.09"]
[EventType "swiss"]
[EventCountry "ISL"]
[SourceTitle "playchess.com"]
[Source "ChessBase"]
[SourceQuality "1"]
[TimeControl "40/5400+30:1800+30"]

1. d4 Nf6 2. c4 e6 3. Nf3 b6 4. Nc3 Bb7 5. Bg5 h6 6. Bh4 Bb4 7. Qc2 g5 8. Bg3 Ne4 9. e3 Bxc3+ 10. bxc3 Nxg3 11. hxg3 d6 12. Bd3 g4 13. Nh4 Qe7 14. Be4 Nc6 15. f4 d5 16. Bd3 O-O-O 17. O-O Ba6 18. Qe2 Na5 19. c5 Bxd3 20. Qxd3 Nc4 21. cxb6 axb6 22. e4 Kb7 23. f5 Qg5 24. Rf2 Rhe8 25. Re1 e5 26. exd5 exd4 27. Rxe8 Rxe8 28. Rf4 Re1+ 29. Kh2 Ne3 30. d6 cxd6 31. Qxd4 Qe7 32. Qd3 Qe5 33. f6 Rd1 34. Qh7 Qd5 35. Rd4 Nf1+ 36. Kg1 Nxg3+ 37. Rxd1 Qxd1+ 38. Kf2 Nh1+ 39. Ke3 Qe1+ 40. Kd4 Qe5+ 41. Kc4 Qe6+ 42. Kb4 Ng3 43. Qxh6 Qxa2 44. Qe3 Qb1+ 45. Kc4 Ne4 46. Kd5 Nxf6+ 47. Kxd6 Ne4+ 48. Ke5 Nc5 49. Kf4 Qd1 50. Kg5 Ka6 51. Nf5 Qc2 52. Kxg4 Qxg2+ 53. Kf4 Qf1+ 54. Kg5 Qc4 55. Nd6 Qd5+ 56. Nf5 f6+ 57. Kg6 Nd7 58. Qd4 Qe6 59. Nd6 Ne5+ 60. Kg7 b5 61. Qb4 Qe7+ 62. Kg8 Qd7 63. Qd4 Nc4 64. Nxb5 Qe6+ 65. Kg7 Qe7+ 66. Kg6 Ne5+ 67. Kf5 Kxb5 68. Qd5+ Kb6 69. Qe6+ Qxe6+ 70. Kxe6 Nd7 71. Kxd7 f5 72. Kd6 f4 73. c4 Kb7 74. Kd7 Kb6 75. Kd6 Kb7 76. Kd7 f3 77. c5 f2 78. c6+ Ka7 79. c7 f1=Q 80. c8=Q Qf5+ 1/2-1/2

[Event "Reykjavik Open 2025"]
[Site "Reykjavik"]
[Date "2025.04.13"]
[Round "7.14"]
[White "Kracht, Raphael"]
[Black "Draskovic, Luka"]
[Result "0-1"]
[Annotator "ChessBase"]
[ECO "B22"]
[WhiteElo "2196"]
[BlackElo "2488"]
[PlyCount "112"]
[EventDate "2025.04.09"]
[EventType "swiss"]
[EventCountry "ISL"]
[SourceTitle "playchess.com"]
[Source "ChessBase"]
[SourceQuality "1"]
[TimeControl "40/5400+30:1800+30"]

1. e4 c5 2. c3 Nf6 3. e5 Nd5 4. Bc4 Nb6 5. Bb3 d5 6. exd6 Qxd6 7. Nf3 Nc6 8. O-O e5 9. Na3 Be7 10. d4 cxd4 11. Nb5 Qd8 12. cxd4 a6 13. d5 axb5 14. dxc6 Qxd1 15. Rxd1 f6 16. Be3 Nc4 17. Bxc4 bxc4 18. Nd2 bxc6 19. Nxc4 Kf7 20. Nb6 Ra6 21. Nxc8 Rxc8 22. Rd7 Ke6 23. Rb7 c5 24. Bd2 Rd8 25. Bc3 Rxa2 26. Re1 Rd7 27. Rxd7 Kxd7 28. g4 Bd6 29. Kg2 Kc6 30. h3 Bc7 31. Kf3 Ba5 32. Bxa5 Rxa5 33. Rd1 Rb5 34. Rd2 Rb3+ 35. Kg2 c4 36. h4 g6 37. Re2 Kd5 38. Rd2+ Rd3 39. Rc2 f5 40. gxf5 gxf5 41. h5 e4 42. Re2 Kc5 43. h6 Kb4 44. Re1 Kb3 45. Ra1 Rd6 46. Ra5 Kxb2 47. Rxf5 Rxh6 48. Rb5+ Kc2 49. Kf1 c3 50. Ke2 Rd6 51. Rb4 Kc1 52. Rb7 c2 53. Rxh7 Rb6 54. Ke3 Kb2 55. Rc7 Rb3+ 56. Kd4 Rb4+ 0-1

[Event "Reykjavik Open 2025"]
[Site "Reykjavik"]
[Date "2025.04.13"]
[Round "7.15"]
[White "Jacobson, Brandon"]
[Black "Le Goff, Ronan"]
[Result "1-0"]
[Annotator "ChessBase"]
[ECO "C55"]
[WhiteElo "2570"]
[BlackElo "2282"]
[PlyCount "77"]
[EventDate "2025.04.09"]
[EventType "swiss"]
[EventCountry "ISL"]
[SourceTitle "playchess.com"]
[Source "ChessBase"]
[SourceQuality "1"]
[TimeControl "40/5400+30:1800+30"]

1. e4 e5 2. Nf3 Nc6 3. Bc4 Nf6 4. d3 Be7 5. Nc3 d6 6. a3 O-O 7. Be3 Be6 8. Nd5 Na5 9. Nxf6+ Bxf6 10. Bxe6 fxe6 11. h4 d5 12. Ng5 Bxg5 13. hxg5 g6 14. Qg4 Qe8 15. O-O-O Rf7 16. Rh3 c5 17. Rdh1 c4 18. Bd2 Nc6 19. exd5 exd5 20. dxc4 Nd4 21. Bc3 Qc8 22. Qxc8+ Rxc8 23. cxd5 Ne2+ 24. Kd2 Nxc3 25. Rxc3 Rxf2+ 26. Ke3 Rxc3+ 27. bxc3 Rxc2 28. Rf1 Rxc3+ 29. Ke4 Rc2 30. d6 Rd2 31. Kxe5 Re2+ 32. Kd5 Rd2+ 33. Ke6 Re2+ 34. Kf6 Rd2 35. Ke7 Re2+ 36. Kd8 Rd2 37. d7 b5 38. Rc1 Kf7 39. Kc7 1-0

[Event "Reykjavik Open 2025"]
[Site "Reykjavik"]
[Date "2025.04.13"]
[Round "7.16"]
[White "Colas, Joshua"]
[Black "Ivic, Velimir"]
[Result "0-1"]
[Annotator "ChessBase"]
[ECO "E60"]
[WhiteElo "2275"]
[BlackElo "2623"]
[PlyCount "120"]
[EventDate "2025.04.09"]
[EventType "swiss"]
[EventCountry "ISL"]
[SourceTitle "playchess.com"]
[Source "ChessBase"]
[SourceQuality "1"]
[TimeControl "40/5400+30:1800+30"]

1. Nf3 d6 2. d4 Nf6 3. g3 g6 4. Bg2 Bg7 5. O-O O-O 6. c4 c6 7. d5 cxd5 8. cxd5 Na6 9. Nc3 Nc5 10. Be3 Bd7 11. Bd4 a5 12. Bxc5 dxc5 13. a4 Qb6 14. Qc2 Qb4 15. e4 Ng4 16. h3 Ne5 17. Ne1 Qb6 18. Kh1 e6 19. Qe2 exd5 20. Nxd5 Qd8 21. f4 Nc6 22. Nf3 Re8 23. Qc2 Nb4 24. Nxb4 cxb4 25. e5 Rc8 26. Qf2 Qe7 27. Qb6 Rc2 28. Qxa5 Bc6 29. b3 Rc3 30. Kh2 Rd8 31. Rac1 Rxb3 32. Rb1 Rxb1 33. Rxb1 Bf8 34. Rb2 Rd3 35. Ng5 Re3 36. Qb6 Re1 37. Bxc6 bxc6 38. Qxc6 Qa7 39. Nf3 Re3 40. h4 Rc3 41. Qd5 Qe3 42. Kg2 b3 43. h5 Rc2+ 44. Rxc2 bxc2 45. hxg6 hxg6 46. Ng5 Qe2+ 47. Kh3 Qh5+ 48. Kg2 Qxg5 49. fxg5 c1=Q 50. e6 Qc2+ 51. Kh1 Qxa4 52. exf7+ Kh7 53. Kg2 Qb4 54. Kf3 Qe7 55. Kg4 Kg7 56. Kh4 Qxf7 57. Qe5+ Kh7 58. Qf4 Kg8 59. Qf6 Qxf6 60. gxf6 Kf7 0-1

[Event "Reykjavik Open 2025"]
[Site "Reykjavik"]
[Date "2025.04.13"]
[Round "7.17"]
[White "Maze, Sebastien"]
[Black "Briem, Benedikt"]
[Result "1-0"]
[Annotator "ChessBase"]
[ECO "C65"]
[WhiteElo "2557"]
[BlackElo "2249"]
[PlyCount "121"]
[EventDate "2025.04.09"]
[EventType "swiss"]
[EventCountry "ISL"]
[SourceTitle "playchess.com"]
[Source "ChessBase"]
[SourceQuality "1"]
[TimeControl "40/5400+30:1800+30"]

1. e4 e5 2. Nf3 Nc6 3. Bb5 Nf6 4. d3 Bc5 5. Bxc6 dxc6 6. Nbd2 Be6 7. O-O Nd7 8. Nb3 Bxb3 9. axb3 Qe7 10. Bd2 a6 11. Qe1 O-O 12. b4 Bd6 13. c4 c5 14. bxc5 Nxc5 15. d4 Nb3 16. c5 Bxc5 17. dxc5 Nxa1 18. Qxa1 Qxc5 19. Rc1 Qb5 20. Rxc7 Rac8 21. Re7 Rfe8 22. Rxe8+ Qxe8 23. Bc3 f6 24. h4 Rd8 25. Nd2 Qe6 26. Qa5 Rd7 27. Qc5 h5 28. f3 b5 29. Nf1 Qd6 30. Qxd6 Rxd6 31. Ne3 Rc6 32. Kf2 Kf7 33. Ke2 Ke6 34. Kd3 Rc8 35. Nd5 Rc6 36. f4 Rc8 37. g3 Rc6 38. fxe5 fxe5 39. Ne3 Rc8 40. Nc2 Rf8 41. Ke2 Ra8 42. Ba5 Kf6 43. Ne1 g5 44. Nd3 gxh4 45. gxh4 Rg8 46. Kf3 Ke6 47. Nc5+ Kf6 48. Be1 Ra8 49. b4 Ke7 50. Nd3 Kd6 51. Bc3 Ke6 52. Ke3 Rg8 53. Bxe5 Rg4 54. Bf4 Rxh4 55. Nf2 a5 56. bxa5 b4 57. a6 b3 58. a7 b2 59. a8=Q b1=Q 60. Qe8+ Kf6 61. Be5+ 1-0